Saguenéens vs Rafales
Created - March 9, 2020 at 19:07
Goals
|
| Saguenéens |
2 |
3 |
1 |
6 |
| Rafales |
0 |
1 |
2 |
3 |
|
Shots
|
| Saguenéens |
10 |
17 |
10 |
37 |
| Rafales |
8 |
14 |
15 |
37 |
|
1st period
1. Saguenéens , Craig Cunningham 10 (Tanner Richard 4) at 11:07
2. Saguenéens , Teemu Pulkkinen 14 (Patrick Sieloff 9) at 16:20
Penalties :
No Penalty
2nd period
3. Saguenéens , Carl Hagelin 25 (Juraj Mikus 8) at 6:55
4. Rafales , Connor Murphy 12 (Julian Melchiori 20) at 12:07
5. Saguenéens , Aleksander Barkov 30 (Mark Stone 28) at 17:08
6. Saguenéens , Nick Mattson 3 (Juraj Mikus 9) at 19:50
Penalties :
Connor Murphy (Stf) for Hooking (Minor) at 9:54, Jake Allen (Stf) for Delaying the game (Minor) at 12:41 - Kevin Veilleux served the penalty
3rd period
7. Rafales , Chris Terry 12 (Brian Ferlin 25, Joey Laleggia 17) at 6:36
8. Rafales , Borna Rendulic 7 (Ben Thomson 11, Dylan McIlrath 18) at 11:50
9. Saguenéens , Tanner Richard 2 (Adam Erne 5) at 17:22
Penalties :
Kevin Veilleux (Stf) for Hooking (Minor) at 0:03, Mason Raymond (Chi) for Holding Stick (Minor) at 12:03
Goalie Stats
Tyler Beskorowany (Chi), 34 saves from 37 shots - (0.919), W, 4-6-0, 60:00 minutes
Jake Allen (Stf), 31 saves from 37 shots - (0.838), L, 12-13-5, 60:00 minutes
Players Stats for Saguenéens
Player Name G A P +/- PIM S H SB GA TA FO MP PP MP PK MP
------------------------------------------------------------------------------------
Adam Erne 0 1 1 1 0 0 3 0 0 0 1/2 10:18 0:00 0:00
Aleksander Barkov 1 0 1 0 0 7 4 1 1 0 22/37 22:12 3:20 0:00
Calle Andersson 0 0 0 0 0 0 0 0 0 1 0/0 4:03 0:00 0:00
Carl Hagelin 1 0 1 1 0 3 0 0 0 1 0/0 16:06 2:37 0:00
Craig Cunningham 1 0 1 1 0 2 2 1 0 1 0/0 11:06 0:00 0:48
Duncan Siemens 0 0 0 2 0 2 0 3 0 0 0/0 12:49 0:00 0:00
Henrik Samuelsson 0 0 0 1 0 1 0 1 1 0 0/2 9:49 0:00 0:46
Jake McCabe 0 0 0 1 0 2 0 2 0 0 0/0 28:08 4:00 1:22
Julius Honka 0 0 0 2 0 0 0 1 0 0 0/0 12:49 0:00 0:00
Juraj Mikus 0 2 2 1 0 3 2 1 0 3 9/16 16:06 2:37 0:00
Mark Stone 0 1 1 0 0 5 2 2 1 0 1/2 23:03 3:20 0:57
Mason Raymond 0 0 0 0 2 2 0 0 0 0 1/1 22:33 3:20 0:00
Mattias Janmark 0 0 0 0 0 0 0 0 0 0 0/0 0:28 0:00 0:00
Mike Amadio 0 0 0 0 0 0 0 0 0 0 0/0 0:00 0:00 0:00
Mikhail Grigorenko 0 0 0 0 0 0 0 0 0 0 1/1 0:58 0:00 0:58
Myles Bell 0 0 0 0 0 0 0 0 0 0 0/0 0:00 0:00 0:00
Nick Mattson 1 0 1 0 0 2 1 2 0 2 0/0 18:07 1:57 0:37
Nick Paul 0 0 0 0 0 0 0 0 0 0 0/0 0:00 0:00 0:00
Nikita Scherbak 0 0 0 1 0 1 0 0 0 0 0/0 9:03 0:00 0:00
Patrick Sieloff 0 1 1 0 0 1 2 1 0 1 0/0 19:03 1:57 0:37
Rhett Rakhshani 0 0 0 1 0 0 2 0 1 0 0/1 16:06 2:37 0:00
Seth Helgeson 0 0 0 1 0 0 0 1 0 1 0/0 25:01 4:00 1:22
Tanner Richard 1 1 2 1 0 4 3 0 0 2 0/1 10:55 0:00 0:15
Teemu Pulkkinen 1 0 1 1 0 2 1 1 0 0 0/1 9:17 0:00 0:14
Players Stats for Rafales
Player Name G A P +/- PIM S H SB GA TA FO MP PP MP PK MP
------------------------------------------------------------------------------------
Akim Aliu 0 0 0 0 0 0 0 0 0 0 0/0 0:12 0:00 0:00
Andrew Shaw 0 0 0 -4 0 7 1 0 2 1 3/3 21:33 1:06 3:07
Ben Johnson 0 0 0 0 0 0 0 0 0 0 0/0 0:00 0:00 0:00
Ben Sexton 0 0 0 0 0 0 0 0 0 0 0/0 0:00 0:00 0:00
Ben Thomson 0 1 1 1 0 1 1 0 0 0 0/0 9:07 0:00 0:00
Borna Rendulic 1 0 1 1 0 5 0 0 1 0 1/1 9:07 0:00 0:00
Brad Ross 0 0 0 1 0 0 0 0 0 0 0/0 1:28 0:00 1:14
Brian Ferlin 0 1 1 1 0 2 3 0 1 0 0/0 15:02 0:53 1:33
Bruno Gervais 0 0 0 -3 0 2 1 0 0 0 0/0 26:06 1:14 3:44
Carl Klingberg 0 0 0 -4 0 2 1 0 2 0 2/5 21:40 1:06 3:14
Chris Terry 1 0 1 1 0 3 1 0 1 0 0/1 12:54 0:53 0:00
Connor Murphy 1 0 1 -2 2 1 4 0 1 1 0/0 24:57 1:14 2:22
Dylan McIlrath 0 1 1 -1 0 0 1 1 0 0 0/0 20:04 0:45 2:13
James Marcou 0 0 0 -1 0 1 0 0 0 0 0/0 9:59 0:00 0:00
Jayson Megna 0 0 0 1 0 1 3 0 0 0 5/12 12:54 0:53 0:00
Joe Labate 0 0 0 -2 0 2 2 0 1 0 2/3 12:44 0:00 0:00
Joey Laleggia 0 1 1 1 0 0 1 0 0 1 0/0 13:50 0:00 0:00
Julian Melchiori 0 1 1 -1 0 1 3 2 0 0 0/0 20:04 0:45 2:13
Kevin Veilleux 0 0 0 -4 2 3 1 2 0 1 13/34 19:03 1:06 0:00
Maksim Mayorov 0 0 0 -1 0 0 0 0 0 0 0/1 2:48 0:00 0:00
Ryan Bourque 0 0 0 1 0 3 0 0 0 0 3/4 9:07 0:00 0:00
Slater Koekkoek 0 0 0 1 0 2 0 1 0 0 0/0 15:12 0:00 1:22
Tim Crowder 0 0 0 -2 0 1 0 1 3 0 0/0 14:43 0:00 1:33
Tyrell Goulbourne 0 0 0 1 0 0 1 0 0 0 0/0 1:27 0:00 1:13
3 Stars
1 - Tanner Richard (Chi)
2 - Aleksander Barkov (Chi)
3 - Juraj Mikus (Chi)
Power Play
Saguenéens - 0 on 3 Attempt(s) - 0.00%
Rafales - 0 on 1 Attempt(s) - 0.00%
Penalty Kill
Saguenéens - 1 on 1 Attempt(s) - 100.00%
- Score 0 goal in Penalty Kill
Rafales - 3 on 3 Attempt(s) - 100.00%
- Score 0 goal in Penalty Kill
Team Stat
Saguenéens - Hits : 22 - Faceoff Wins : 35 - Blocked Shots : 17 - Penalty Minutes : 2
Rafales - Hits : 24 - Faceoff Wins : 29 - Blocked Shots : 7 - Penalty Minutes : 6
Official
Referees : Unknown
Linesman : Unknown
Game Notes
Maksim Mayorov is injured at 13:29 of 1st period (Broken Right Foot Toe)
Finance
Level 1 -- Attendance: 1361 (68.05%) -- Ticket Income $54,440
Level 2 -- Attendance: 697 (69.70%) -- Ticket Income $13,940
Total Attendance: 2058 (68.60%)
Total Ticket Income: $68,380
Other Income: $3,419
Total Income: $71,799
Saguenéens
5 vs 5 Forward
Center Left Wing Right Wing Time % Phy DF OF
1 Aleksander Barkov Mason Raymond Mark Stone 40 1 2 2
2 Juraj Mikus Carl Hagelin Rhett Rakhshani 30 1 2 2
3 Tanner Richard Craig Cunningham Adam Erne 20 1 2 2
4 Henrik Samuelsson Teemu Pulkkinen Nikita Scherbak 10 1 2 2
5 vs 5 Defense
Defense Defense Time % Phy DF OF
1 Jake McCabe Seth Helgeson 40 1 2 2
2 Nick Mattson Patrick Sieloff 30 1 2 2
3 Duncan Siemens Julius Honka 20 1 2 2
4 Calle Andersson Jake McCabe 10 1 2 2
PowerPlay Forward
Center Left Wing Right Wing Time % Phy DF OF
1 Aleksander Barkov Mason Raymond Mark Stone 60 1 2 2
2 Juraj Mikus Carl Hagelin Rhett Rakhshani 40 1 2 2
PowerPlay Defense
Defense Defense Time % Phy DF OF
1 Jake McCabe Seth Helgeson 60 1 2 2
2 Nick Mattson Patrick Sieloff 40 1 2 2
Penalty Kill 4 Players Forward
Center Wing Time % Phy DF OF
1 Mason Raymond Mark Stone 60 1 2 2
2 Aleksander Barkov Carl Hagelin 40 1 2 2
Penalty Kill 4 Players Defense
Defense Defense Time % Phy DF OF
1 Jake McCabe Seth Helgeson 60 1 2 2
2 Nick Mattson Patrick Sieloff 40 1 2 2
Penalty Kill - 3 Players Forward
Forward Time % Phy DF OF
1 Mason Raymond 60 1 2 2
2 Mark Stone 40 1 2 2
Penalty Kill - 3 Players Defense
Defense Defense Time % Phy DF OF
1 Jake McCabe Seth Helgeson 60 1 2 2
2 Nick Mattson Patrick Sieloff 40 1 2 2
4 vs 4 Forward
Center Wing Time % Phy DF OF
1 Mason Raymond Mark Stone 60 1 2 2
2 Aleksander Barkov Carl Hagelin 40 1 2 2
4 vs 4 Defense
Defense Defense Time % Phy DF OF
1 Jake McCabe Seth Helgeson 60 1 2 2
2 Nick Mattson Patrick Sieloff 40 1 2 2
Last Minutes Offensive
Center Left Wing Right Wing Defense Defense
Aleksander Barkov Mason Raymond Mark Stone Jake McCabe Seth Helgeson
Last Minutes Defensive
Center Left Wing Right Wing Defense Defense
Aleksander Barkov Mason Raymond Mark Stone Jake McCabe Seth Helgeson
Goaltenders
Starting : Tyler Beskorowany
Backup : Joe Cannata
Extra Forwards
Normal : Mattias Janmark, Mike Amadio, Mikhail Grigorenko - PP : Mattias Janmark, Mike Amadio - PK : Mikhail Grigorenko
Extra Defensemen
Normal : Duncan Siemens, Julius Honka, Calle Andersson - PP : Duncan Siemens - PK : Julius Honka, Calle Andersson
Penalty Shots
Mason Raymond, Mark Stone, Aleksander Barkov, Carl Hagelin, Craig Cunningham
Scratches
Dylan Labbe (Healthy), Robert Hagg (Right Eye Injury), Alexander Wennberg (Torn Left Knee Ligaments Injury), Clark Bishop (Healthy), JJ. Piccinich (Healthy)
Michael Giugovaz (Healthy)
Rafales
5 vs 5 Forward
Center Left Wing Right Wing Time % Phy DF OF
1 Kevin Veilleux Carl Klingberg Andrew Shaw 40 1 2 2
2 Jayson Megna Chris Terry Brian Ferlin 30 1 2 2
3 Joe Labate Maksim Mayorov Tim Crowder 20 1 2 2
4 Ryan Bourque Ben Thomson Borna Rendulic 10 1 2 2
5 vs 5 Defense
Defense Defense Time % Phy DF OF
1 Bruno Gervais Connor Murphy 40 1 2 2
2 Julian Melchiori Dylan McIlrath 30 1 2 2
3 Joey Laleggia Slater Koekkoek 20 1 2 2
4 Bruno Gervais Connor Murphy 10 1 2 2
PowerPlay Forward
Center Left Wing Right Wing Time % Phy DF OF
1 Kevin Veilleux Carl Klingberg Andrew Shaw 60 1 2 2
2 Jayson Megna Chris Terry Brian Ferlin 40 1 2 2
PowerPlay Defense
Defense Defense Time % Phy DF OF
1 Bruno Gervais Connor Murphy 60 1 2 2
2 Julian Melchiori Dylan McIlrath 40 1 2 2
Penalty Kill 4 Players Forward
Center Wing Time % Phy DF OF
1 Carl Klingberg Andrew Shaw 60 1 2 2
2 Brian Ferlin Tim Crowder 40 1 2 2
Penalty Kill 4 Players Defense
Defense Defense Time % Phy DF OF
1 Bruno Gervais Connor Murphy 60 1 2 2
2 Julian Melchiori Dylan McIlrath 40 1 2 2
Penalty Kill - 3 Players Forward
Forward Time % Phy DF OF
1 Carl Klingberg 60 1 2 2
2 Andrew Shaw 40 1 2 2
Penalty Kill - 3 Players Defense
Defense Defense Time % Phy DF OF
1 Bruno Gervais Connor Murphy 60 1 2 2
2 Julian Melchiori Dylan McIlrath 40 1 2 2
4 vs 4 Forward
Center Wing Time % Phy DF OF
1 Carl Klingberg Andrew Shaw 60 1 2 2
2 Brian Ferlin Tim Crowder 40 1 2 2
4 vs 4 Defense
Defense Defense Time % Phy DF OF
1 Bruno Gervais Connor Murphy 60 1 2 2
2 Julian Melchiori Dylan McIlrath 40 1 2 2
Last Minutes Offensive
Center Left Wing Right Wing Defense Defense
Kevin Veilleux Carl Klingberg Andrew Shaw Bruno Gervais Connor Murphy
Last Minutes Defensive
Center Left Wing Right Wing Defense Defense
Kevin Veilleux Carl Klingberg Andrew Shaw Bruno Gervais Connor Murphy
Goaltenders
Starting : Jake Allen
Backup : Leland Irving
Extra Forwards
Normal : James Marcou, Akim Aliu, Tyrell Goulbourne - PP : James Marcou, Akim Aliu - PK : Tyrell Goulbourne
Extra Defensemen
Normal : Joey Laleggia, Slater Koekkoek, Julian Melchiori - PP : Joey Laleggia - PK : Slater Koekkoek, Julian Melchiori
Penalty Shots
Carl Klingberg, Andrew Shaw, Brian Ferlin, Tim Crowder, Kevin Veilleux
Scratches
Nathan Davis (Healthy), David Broll (Healthy), Chris Driedger (Healthy), Sean Maguire (Healthy)
% Time on Ice - Saguenéens
Lines # - Real PCT - Wanted PCT - Time Play
Normal Forward
1 - 37% - 40% - 19:14
2 - 26% - 30% - 13:29
3 - 20% - 20% - 10:18
4 - 17% - 10% - 9:03
Normal Defense
1 - 38% - 40% - 19:39
2 - 30% - 30% - 15:33
3 - 25% - 20% - 12:49
4 - 8% - 10% - 4:03
PP Forward
1 - 56% - 60% - 3:20
2 - 44% - 40% - 2:37
PP Defense
1 - 67% - 60% - 4:00
2 - 33% - 40% - 1:57
PK Forward
1 - 100% - 60% - 1:59
2 - 0% - 40% - 0:00
PK Defense
1 - 69% - 60% - 1:22
2 - 31% - 40% - 0:37
PK3 Forward
1 - 0% - 60%
2 - 0% - 40%
PK3 Defense
1 - 0% - 60%
2 - 0% - 40%
44 Forward
1 - 0% - 60%
2 - 0% - 40%
44 Defense
1 - 0% - 60%
2 - 0% - 40%
Last Minute Offensive - 0:00
Last Minute Defensive - 0:00
Total
Forward - 60:00
Defense - 60:00
|
% Time on Ice - Rafales
Lines # - Real PCT - Wanted PCT - Time Play
Normal Forward
1 - 34% - 40% - 17:34
2 - 24% - 30% - 12:39
3 - 24% - 20% - 12:44
4 - 18% - 10% - 9:07
Normal Defense
1 - 36% - 40% - 18:58
2 - 32% - 30% - 16:52
3 - 27% - 20% - 13:50
4 - 5% - 10% - 2:24
PP Forward
1 - 55% - 60% - 1:06
2 - 45% - 40% - 0:53
PP Defense
1 - 62% - 60% - 1:14
2 - 38% - 40% - 0:45
PK Forward
1 - 74% - 60% - 4:24
2 - 26% - 40% - 1:33
PK Defense
1 - 64% - 60% - 3:49
2 - 36% - 40% - 2:08
PK3 Forward
1 - 0% - 60%
2 - 0% - 40%
PK3 Defense
1 - 0% - 60%
2 - 0% - 40%
44 Forward
1 - 0% - 60%
2 - 0% - 40%
44 Defense
1 - 0% - 60%
2 - 0% - 40%
Last Minute Offensive - 0:00
Last Minute Defensive - 0:00
Total
Forward - 60:00
Defense - 60:00
|
Play-by-Play
1st period
0:01 of 1st period - Kevin Veilleux wins face-off versus Aleksander Barkov in neutral zone.
0:37 of 1st period - Off-side.
0:38 of 1st period - Joe Labate wins face-off versus Adam Erne in neutral zone.
0:49 of 1st period - Wrist shot by Tim Crowder.
0:49 of 1st period - Shot Misses the Net.
0:51 of 1st period - Slapshot by Joey Laleggia.
0:51 of 1st period - Deflect By Tim Crowder.
0:51 of 1st period - Shot Misses the Net.
0:51 of 1st period - Puck is out of play.
0:52 of 1st period - Ryan Bourque wins face-off versus Teemu Pulkkinen in Saguenéens zone.
0:59 of 1st period - Backhand shot by Ben Thomson.
0:59 of 1st period - Deflect By Ryan Bourque.
0:59 of 1st period - Stopped by Tyler Beskorowany with a rebound.
1:58 of 1st period - Wrist shot by Ben Thomson.
1:58 of 1st period - Deflect By Borna Rendulic.
1:58 of 1st period - Shot Misses the Net.
1:58 of 1st period - Puck is out of play.
1:59 of 1st period - Kevin Veilleux wins face-off versus Mark Stone in Saguenéens zone.
2:00 of 1st period - Wrist shot by Andrew Shaw.
2:00 of 1st period - Shot Misses the Net.
2:14 of 1st period - Snap shot by Aleksander Barkov.
2:14 of 1st period - Stopped by Jake Allen with a rebound.
2:24 of 1st period - Kevin Veilleux is hit by Patrick Sieloff and loses puck.
3:09 of 1st period - Dylan McIlrath is hit by Aleksander Barkov.
3:46 of 1st period - Slapshot by Juraj Mikus.
3:46 of 1st period - Shot Blocked by Slater Koekkoek.
4:03 of 1st period - Ryan Bourque is hit by Nick Mattson and loses puck.
6:22 of 1st period - Ryan Bourque is hit by Rhett Rakhshani and loses puck.
6:47 of 1st period - Jayson Megna is hit by Tanner Richard.
6:51 of 1st period - Joey Laleggia is hit by Adam Erne and loses puck.
7:01 of 1st period - Off-side.
7:02 of 1st period - Aleksander Barkov wins face-off versus Maksim Mayorov in neutral zone.
7:27 of 1st period - Wrist shot by Andrew Shaw.
7:27 of 1st period - Stopped by Tyler Beskorowany with a rebound.
7:57 of 1st period - Snap shot by Mark Stone.
7:57 of 1st period - Stopped by Jake Allen with a rebound.
7:59 of 1st period - Slapshot by Nick Mattson.
7:59 of 1st period - Shot Misses the Net.
8:01 of 1st period - Slapshot by Aleksander Barkov.
8:01 of 1st period - Stopped by Jake Allen without a rebound.
8:02 of 1st period - Juraj Mikus wins face-off versus Kevin Veilleux in Rafales zone.
8:03 of 1st period - Slapshot by Carl Hagelin.
8:03 of 1st period - Stopped by Jake Allen without a rebound.
8:04 of 1st period - Andrew Shaw wins face-off versus Juraj Mikus in Rafales zone.
8:11 of 1st period - Slapshot by Carl Klingberg.
8:11 of 1st period - Deflect By Andrew Shaw.
8:11 of 1st period - Shot Misses the Net.
8:11 of 1st period - Puck is out of play.
8:12 of 1st period - Kevin Veilleux wins face-off versus Juraj Mikus in Saguenéens zone.
8:46 of 1st period - Slapshot by Andrew Shaw.
8:46 of 1st period - Stopped by Tyler Beskorowany with a rebound.
8:48 of 1st period - Snap shot by Andrew Shaw.
8:48 of 1st period - Shot Misses the Net.
8:50 of 1st period - Snap shot by Kevin Veilleux.
8:50 of 1st period - Stopped by Tyler Beskorowany with a rebound.
9:02 of 1st period - Snap shot by Andrew Shaw.
9:02 of 1st period - Shot Blocked by Seth Helgeson.
9:52 of 1st period - Wrist shot by Juraj Mikus.
9:52 of 1st period - Shot Misses the Net.
10:24 of 1st period - Wrist shot by Andrew Shaw.
10:24 of 1st period - Shot Misses the Net.
10:28 of 1st period - Wrist shot by Kevin Veilleux.
10:28 of 1st period - Stopped by Tyler Beskorowany without a rebound.
10:29 of 1st period - Aleksander Barkov wins face-off versus Chris Terry in Saguenéens zone.
11:00 of 1st period - Joe Labate is hit by Tanner Richard and loses puck.
11:05 of 1st period - Slapshot by Tanner Richard.
11:05 of 1st period - Stopped by Jake Allen with a rebound.
11:07 of 1st period - Snap shot by Craig Cunningham.
11:07 of 1st period - Goal by Craig Cunningham - Saguenéens : 1 - Rafales : 0.
11:08 of 1st period - Aleksander Barkov wins face-off versus Jayson Megna in neutral zone.
12:22 of 1st period - Chris Terry is hit by Aleksander Barkov.
12:32 of 1st period - Craig Cunningham is hit by Joe Labate and loses puck.
12:37 of 1st period - Snap shot by Tim Crowder.
12:37 of 1st period - Stopped by Tyler Beskorowany with a rebound.
12:56 of 1st period - Teemu Pulkkinen is hit by Jayson Megna and loses puck.
13:28 of 1st period - Maksim Mayorov is hit by Adam Erne.
13:29 of 1st period - Maksim Mayorov from Rafales is injured at 13:29 of 1st period (Broken Right Foot Toe).
13:30 of 1st period - Aleksander Barkov wins face-off versus Kevin Veilleux in Rafales zone.
13:55 of 1st period - Adam Erne is hit by Brian Ferlin and loses puck.
14:14 of 1st period - Nick Mattson is hit by Joe Labate and loses puck.
14:41 of 1st period - Joey Laleggia is hit by Teemu Pulkkinen and loses puck.
15:18 of 1st period - Dylan McIlrath is hit by Craig Cunningham and loses puck.
15:29 of 1st period - Wrist shot by Tanner Richard.
15:29 of 1st period - Shot Blocked by Dylan McIlrath.
15:31 of 1st period - Slapshot by Craig Cunningham.
15:31 of 1st period - Deflect By Brian Ferlin.
15:31 of 1st period - Shot Misses the Net.
15:31 of 1st period - Puck is out of play.
15:32 of 1st period - Kevin Veilleux wins face-off versus Aleksander Barkov in Rafales zone.
15:41 of 1st period - Wrist shot by Andrew Shaw.
15:41 of 1st period - Shot Misses the Net.
15:43 of 1st period - Slapshot by Bruno Gervais.
15:43 of 1st period - Stopped by Tyler Beskorowany with a rebound.
15:45 of 1st period - Snap shot by Andrew Shaw.
15:45 of 1st period - Shot Misses the Net.
15:59 of 1st period - Adam Erne is hit by Brian Ferlin and loses puck.
16:20 of 1st period - Snap shot by Teemu Pulkkinen.
16:20 of 1st period - Goal by Teemu Pulkkinen - Saguenéens : 2 - Rafales : 0.
16:21 of 1st period - Kevin Veilleux wins face-off versus Aleksander Barkov in neutral zone.
16:26 of 1st period - Wrist shot by Carl Klingberg.
16:26 of 1st period - Shot Misses the Net.
16:28 of 1st period - Slapshot by Bruno Gervais.
16:28 of 1st period - Shot Misses the Net.
16:30 of 1st period - Snap shot by Carl Klingberg.
16:30 of 1st period - Deflect By Andrew Shaw.
16:30 of 1st period - Stopped by Tyler Beskorowany with a rebound.
16:32 of 1st period - Wrist shot by Kevin Veilleux.
16:32 of 1st period - Shot Blocked by Nick Mattson.
16:34 of 1st period - Snap shot by Andrew Shaw.
16:34 of 1st period - Deflect By Carl Klingberg.
16:34 of 1st period - Shot Misses the Net.
16:34 of 1st period - Puck is out of play.
16:35 of 1st period - Aleksander Barkov wins face-off versus Jayson Megna in Saguenéens zone.
16:35 of 1st period - Mason Raymond is hit by Brian Ferlin.
17:01 of 1st period - Connor Murphy is hit by Tanner Richard and loses puck.
17:47 of 1st period - Off-side.
17:48 of 1st period - Joe Labate wins face-off versus Henrik Samuelsson in neutral zone.
18:40 of 1st period - Wrist shot by Teemu Pulkkinen.
18:40 of 1st period - Stopped by Jake Allen with a rebound.
18:51 of 1st period - Off-side.
18:52 of 1st period - Aleksander Barkov wins face-off versus Kevin Veilleux in neutral zone.
18:55 of 1st period - Slapshot by Aleksander Barkov.
18:55 of 1st period - Deflect By Mason Raymond.
18:55 of 1st period - Shot Misses the Net.
18:55 of 1st period - Puck is out of play.
18:56 of 1st period - Aleksander Barkov wins face-off versus Kevin Veilleux in Rafales zone.
19:01 of 1st period - Wrist shot by Aleksander Barkov.
19:01 of 1st period - Shot Misses the Net.
19:03 of 1st period - Slapshot by Jake McCabe.
19:03 of 1st period - Deflect By Mason Raymond.
19:03 of 1st period - Shot Misses the Net.
19:03 of 1st period - Puck is out of play.
19:04 of 1st period - Aleksander Barkov wins face-off versus Kevin Veilleux in Rafales zone.
19:07 of 1st period - Snap shot by Mark Stone.
19:07 of 1st period - Stopped by Jake Allen with a rebound.
19:29 of 1st period - Seth Helgeson is hit by Ben Thomson and loses puck.
19:50 of 1st period - Snap shot by Mark Stone.
19:50 of 1st period - Stopped by Jake Allen without a rebound.
19:51 of 1st period - Juraj Mikus wins face-off versus Kevin Veilleux in Rafales zone.
Goals for this period are 2 for Saguenéens vs 0 for Rafales.
Shots for this period are 10 for Saguenéens vs 8 for Rafales.
2nd period
0:01 of 2nd period - Kevin Veilleux wins face-off versus Aleksander Barkov in neutral zone.
0:04 of 2nd period - Seth Helgeson is hit by Connor Murphy and loses puck.
0:22 of 2nd period - Icing by Bruno Gervais.
0:23 of 2nd period - Juraj Mikus wins face-off versus Kevin Veilleux in Rafales zone.
0:44 of 2nd period - Wrist shot by Andrew Shaw.
0:44 of 2nd period - Stopped by Tyler Beskorowany with a rebound.
0:46 of 2nd period - Snap shot by Andrew Shaw.
0:46 of 2nd period - Stopped by Tyler Beskorowany with a rebound.
1:02 of 2nd period - Snap shot by Andrew Shaw.
1:02 of 2nd period - Stopped by Tyler Beskorowany with a rebound.
1:18 of 2nd period - Snap shot by Kevin Veilleux.
1:18 of 2nd period - Stopped by Tyler Beskorowany without a rebound.
1:19 of 2nd period - Aleksander Barkov wins face-off versus Jayson Megna in Saguenéens zone.
1:26 of 2nd period - Snap shot by Mark Stone.
1:26 of 2nd period - Shot Misses the Net.
1:28 of 2nd period - Snap shot by Jake McCabe.
1:28 of 2nd period - Stopped by Jake Allen with a rebound.
1:30 of 2nd period - Wrist shot by Mason Raymond.
1:30 of 2nd period - Stopped by Jake Allen with a rebound.
1:32 of 2nd period - Wrist shot by Mark Stone.
1:32 of 2nd period - Stopped by Jake Allen with a rebound.
1:34 of 2nd period - Wrist shot by Mark Stone.
1:34 of 2nd period - Shot Blocked by Julian Melchiori.
1:44 of 2nd period - Jake McCabe is hit by Julian Melchiori and loses puck.
2:09 of 2nd period - Snap shot by Borna Rendulic.
2:09 of 2nd period - Shot Misses the Net.
2:15 of 2nd period - Snap shot by Borna Rendulic.
2:15 of 2nd period - Stopped by Tyler Beskorowany with a rebound.
2:17 of 2nd period - Wrist shot by Ryan Bourque.
2:17 of 2nd period - Shot Misses the Net.
3:01 of 2nd period - Juraj Mikus is hit by Jayson Megna.
3:33 of 2nd period - Mark Stone is hit by Julian Melchiori and loses puck.
4:23 of 2nd period - Juraj Mikus is hit by Andrew Shaw and loses puck.
4:43 of 2nd period - Snap shot by Ryan Bourque.
4:43 of 2nd period - Deflect By Aleksander Barkov.
4:43 of 2nd period - Shot Misses the Net.
4:43 of 2nd period - Puck is out of play.
4:44 of 2nd period - Aleksander Barkov wins face-off versus Ryan Bourque in Saguenéens zone.
4:49 of 2nd period - Joey Laleggia is hit by Aleksander Barkov and loses puck.
5:00 of 2nd period - Snap shot by Aleksander Barkov.
5:00 of 2nd period - Stopped by Jake Allen with a rebound.
5:14 of 2nd period - Kevin Veilleux is hit by Juraj Mikus and loses puck.
5:19 of 2nd period - Wrist shot by Rhett Rakhshani.
5:19 of 2nd period - Shot Blocked by Kevin Veilleux.
6:20 of 2nd period - Wrist shot by Mason Raymond.
6:20 of 2nd period - Deflect By Andrew Shaw.
6:20 of 2nd period - Shot Misses the Net.
6:20 of 2nd period - Puck is out of play.
6:21 of 2nd period - Aleksander Barkov wins face-off versus Jayson Megna in Rafales zone.
6:53 of 2nd period - Wrist shot by Carl Hagelin.
6:53 of 2nd period - Shot Blocked by Kevin Veilleux.
6:55 of 2nd period - Wrist shot by Carl Hagelin.
6:55 of 2nd period - Goal by Carl Hagelin - Saguenéens : 3 - Rafales : 0.
6:56 of 2nd period - Andrew Shaw wins face-off versus Aleksander Barkov in neutral zone.
7:29 of 2nd period - Wrist shot by Mark Stone.
7:29 of 2nd period - Stopped by Jake Allen without a rebound.
7:30 of 2nd period - Juraj Mikus wins face-off versus Jayson Megna in Rafales zone.
7:35 of 2nd period - Slapshot by Carl Hagelin.
7:35 of 2nd period - Stopped by Jake Allen without a rebound.
7:36 of 2nd period - Juraj Mikus wins face-off versus Jayson Megna in Rafales zone.
8:01 of 2nd period - Connor Murphy is hit by Mark Stone and loses puck.
8:08 of 2nd period - Wrist shot by Mason Raymond.
8:08 of 2nd period - Stopped by Jake Allen without a rebound.
8:09 of 2nd period - Aleksander Barkov wins face-off versus Kevin Veilleux in Rafales zone.
8:12 of 2nd period - Snap shot by Aleksander Barkov.
8:12 of 2nd period - Shot Misses the Net.
8:20 of 2nd period - Wrist shot by Aleksander Barkov.
8:20 of 2nd period - Shot Misses the Net.
8:22 of 2nd period - Slapshot by Jake McCabe.
8:22 of 2nd period - Stopped by Jake Allen with a rebound.
8:24 of 2nd period - Slapshot by Jake McCabe.
8:24 of 2nd period - Shot Misses the Net.
8:44 of 2nd period - Snap shot by Juraj Mikus.
8:44 of 2nd period - Shot Misses the Net.
8:46 of 2nd period - Wrist shot by Rhett Rakhshani.
8:46 of 2nd period - Shot Misses the Net.
9:06 of 2nd period - Wrist shot by Craig Cunningham.
9:06 of 2nd period - Stopped by Jake Allen without a rebound.
9:07 of 2nd period - Aleksander Barkov wins face-off versus Joe Labate in Rafales zone.
9:16 of 2nd period - Snap shot by Tim Crowder.
9:16 of 2nd period - Shot Blocked by Mark Stone.
9:18 of 2nd period - Wrist shot by Joe Labate.
9:18 of 2nd period - Shot Misses the Net.
9:20 of 2nd period - Snap shot by Joe Labate.
9:20 of 2nd period - Stopped by Tyler Beskorowany without a rebound.
9:21 of 2nd period - Jayson Megna wins face-off versus Aleksander Barkov in Saguenéens zone.
9:22 of 2nd period - Wrist shot by Brian Ferlin.
9:22 of 2nd period - Stopped by Tyler Beskorowany without a rebound.
9:23 of 2nd period - Jayson Megna wins face-off versus Aleksander Barkov in Saguenéens zone.
9:30 of 2nd period - Snap shot by Chris Terry.
9:30 of 2nd period - Stopped by Tyler Beskorowany with a rebound.
9:32 of 2nd period - Snap shot by Bruno Gervais.
9:32 of 2nd period - Deflect By Jayson Megna.
9:32 of 2nd period - Shot Blocked by Jake McCabe.
9:32 of 2nd period - Puck is out of play.
9:33 of 2nd period - Andrew Shaw wins face-off versus Aleksander Barkov in Saguenéens zone.
9:48 of 2nd period - Slapshot by Aleksander Barkov.
9:48 of 2nd period - Stopped by Jake Allen with a rebound.
9:54 of 2nd period - Minor Penalty to Connor Murphy for Hooking.
9:55 of 2nd period - Aleksander Barkov wins face-off versus Carl Klingberg in Rafales zone.
10:06 of 2nd period - Slapshot by Aleksander Barkov.
10:06 of 2nd period - Deflect By Carl Klingberg.
10:06 of 2nd period - Shot Misses the Net.
10:06 of 2nd period - Puck is out of play.
10:07 of 2nd period - Carl Klingberg wins face-off versus Aleksander Barkov in Rafales zone.
10:18 of 2nd period - Snap shot by Aleksander Barkov.
10:18 of 2nd period - Stopped by Jake Allen with a rebound.
10:20 of 2nd period - Slapshot by Jake McCabe.
10:20 of 2nd period - Shot Misses the Net.
10:22 of 2nd period - Snap shot by Mason Raymond.
10:22 of 2nd period - Shot Misses the Net.
11:54 of 2nd period - Penalty to Connor Murphy is over, Connor Murphy is back on ice.
12:07 of 2nd period - Snap shot by Connor Murphy.
12:07 of 2nd period - Goal by Connor Murphy - Saguenéens : 3 - Rafales : 1.
12:08 of 2nd period - Jayson Megna wins face-off versus Juraj Mikus in neutral zone.
12:19 of 2nd period - Slapshot by Brian Ferlin.
12:19 of 2nd period - Shot Blocked by Duncan Siemens.
12:21 of 2nd period - Slapshot by Bruno Gervais.
12:21 of 2nd period - Shot Blocked by Juraj Mikus.
12:23 of 2nd period - Wrist shot by Brian Ferlin.
12:23 of 2nd period - Shot Blocked by Julius Honka.
12:37 of 2nd period - Snap shot by Tanner Richard.
12:37 of 2nd period - Stopped by Jake Allen with a rebound.
12:39 of 2nd period - Snap shot by Tanner Richard.
12:39 of 2nd period - Stopped by Jake Allen with a rebound.
12:41 of 2nd period - Slapshot by Duncan Siemens.
12:41 of 2nd period - Stopped by Jake Allen without a rebound.
12:41 of 2nd period - Minor Penalty to Jake Allen for Delaying the game.
12:42 of 2nd period - Aleksander Barkov wins face-off versus Carl Klingberg in Rafales zone.
13:13 of 2nd period - Slapshot by Seth Helgeson.
13:13 of 2nd period - Shot Blocked by Tim Crowder.
13:31 of 2nd period - Brian Ferlin is hit by Mark Stone and loses puck.
14:24 of 2nd period - Bruno Gervais is hit by Rhett Rakhshani and loses puck.
14:35 of 2nd period - Mark Stone is hit by Connor Murphy and loses puck.
14:41 of 2nd period - Penalty to Kevin Veilleux is over, Kevin Veilleux is back on ice.
15:17 of 2nd period - Teemu Pulkkinen is hit by Connor Murphy and loses puck.
15:28 of 2nd period - Wrist shot by Ben Thomson.
15:28 of 2nd period - Shot Misses the Net.
15:46 of 2nd period - Slapshot by James Marcou.
15:46 of 2nd period - Stopped by Tyler Beskorowany without a rebound.
15:47 of 2nd period - Kevin Veilleux wins face-off versus Juraj Mikus in Saguenéens zone.
16:02 of 2nd period - Slapshot by Borna Rendulic.
16:02 of 2nd period - Shot Blocked by Craig Cunningham.
16:04 of 2nd period - Wrist shot by Ben Thomson.
16:04 of 2nd period - Deflect By Borna Rendulic.
16:04 of 2nd period - Stopped by Tyler Beskorowany without a rebound.
16:05 of 2nd period - Ryan Bourque wins face-off versus Tanner Richard in Saguenéens zone.
16:08 of 2nd period - Wrist shot by Borna Rendulic.
16:08 of 2nd period - Shot Blocked by Jake McCabe.
16:59 of 2nd period - Snap shot by Ryan Bourque.
16:59 of 2nd period - Stopped by Tyler Beskorowany without a rebound.
17:00 of 2nd period - Kevin Veilleux wins face-off versus Aleksander Barkov in Saguenéens zone.
17:01 of 2nd period - Wrist shot by Andrew Shaw.
17:01 of 2nd period - Stopped by Tyler Beskorowany without a rebound.
17:02 of 2nd period - Aleksander Barkov wins face-off versus Kevin Veilleux in Saguenéens zone.
17:02 of 2nd period - Aleksander Barkov is hit by Kevin Veilleux.
17:08 of 2nd period - Wrist shot by Aleksander Barkov.
17:08 of 2nd period - Goal by Aleksander Barkov - Saguenéens : 4 - Rafales : 1.
17:09 of 2nd period - Aleksander Barkov wins face-off versus Kevin Veilleux in neutral zone.
18:02 of 2nd period - Wrist shot by Aleksander Barkov.
18:02 of 2nd period - Shot Blocked by Julian Melchiori.
18:34 of 2nd period - Slapshot by Joe Labate.
18:34 of 2nd period - Shot Blocked by Aleksander Barkov.
18:48 of 2nd period - Snap shot by Tim Crowder.
18:48 of 2nd period - Shot Misses the Net.
19:13 of 2nd period - Wrist shot by Aleksander Barkov.
19:13 of 2nd period - Shot Misses the Net.
19:27 of 2nd period - Slapshot by Tim Crowder.
19:27 of 2nd period - Shot Misses the Net.
19:29 of 2nd period - Wrist shot by Tim Crowder.
19:29 of 2nd period - Shot Misses the Net.
19:43 of 2nd period - Slapshot by Joe Labate.
19:43 of 2nd period - Stopped by Tyler Beskorowany without a rebound.
19:44 of 2nd period - Juraj Mikus wins face-off versus Kevin Veilleux in Saguenéens zone.
19:44 of 2nd period - Juraj Mikus is hit by Connor Murphy.
19:50 of 2nd period - Slapshot by Nick Mattson.
19:50 of 2nd period - Goal by Nick Mattson - Saguenéens : 5 - Rafales : 1.
19:51 of 2nd period - Juraj Mikus wins face-off versus Kevin Veilleux in neutral zone.
Goals for this period are 3 for Saguenéens vs 1 for Rafales.
Shots for this period are 17 for Saguenéens vs 14 for Rafales.
3rd period
0:01 of 3rd period - Kevin Veilleux wins face-off versus Juraj Mikus in neutral zone.
0:03 of 3rd period - Minor Penalty to Kevin Veilleux for Hooking.
0:04 of 3rd period - Aleksander Barkov wins face-off versus Carl Klingberg in Rafales zone.
1:24 of 3rd period - Juraj Mikus is hit by Tyrell Goulbourne and loses puck.
2:03 of 3rd period - Penalty to Kevin Veilleux is over, Kevin Veilleux is back on ice.
2:21 of 3rd period - Borna Rendulic is hit by Craig Cunningham and loses puck.
3:28 of 3rd period - Snap shot by Jayson Megna.
3:28 of 3rd period - Stopped by Tyler Beskorowany without a rebound.
3:29 of 3rd period - Carl Klingberg wins face-off versus Henrik Samuelsson in Saguenéens zone.
3:54 of 3rd period - Duncan Siemens is hit by Bruno Gervais and loses puck.
4:17 of 3rd period - Rhett Rakhshani is hit by Joey Laleggia and loses puck.
4:47 of 3rd period - Slapshot by Nick Mattson.
4:47 of 3rd period - Stopped by Jake Allen with a rebound.
4:49 of 3rd period - Snap shot by Patrick Sieloff.
4:49 of 3rd period - Stopped by Jake Allen with a rebound.
5:06 of 3rd period - Snap shot by Chris Terry.
5:06 of 3rd period - Shot Blocked by Teemu Pulkkinen.
5:08 of 3rd period - Snap shot by Slater Koekkoek.
5:08 of 3rd period - Shot Misses the Net.
5:10 of 3rd period - Snap shot by Brian Ferlin.
5:10 of 3rd period - Shot Misses the Net.
5:12 of 3rd period - Snap shot by Jayson Megna.
5:12 of 3rd period - Deflect By Chris Terry.
5:12 of 3rd period - Shot Misses the Net.
5:12 of 3rd period - Puck is out of play.
5:13 of 3rd period - Kevin Veilleux wins face-off versus Aleksander Barkov in Saguenéens zone.
5:18 of 3rd period - Snap shot by Andrew Shaw.
5:18 of 3rd period - Deflect By Carl Klingberg.
5:18 of 3rd period - Shot Misses the Net.
5:18 of 3rd period - Puck is out of play.
5:19 of 3rd period - Kevin Veilleux wins face-off versus Aleksander Barkov in Saguenéens zone.
5:56 of 3rd period - Snap shot by Aleksander Barkov.
5:56 of 3rd period - Stopped by Jake Allen without a rebound.
5:57 of 3rd period - Juraj Mikus wins face-off versus Kevin Veilleux in Rafales zone.
6:04 of 3rd period - Snap shot by Juraj Mikus.
6:04 of 3rd period - Stopped by Jake Allen without a rebound.
6:05 of 3rd period - Kevin Veilleux wins face-off versus Rhett Rakhshani in Rafales zone.
6:18 of 3rd period - Wrist shot by Juraj Mikus.
6:18 of 3rd period - Stopped by Jake Allen with a rebound.
6:20 of 3rd period - Slapshot by Jake McCabe.
6:20 of 3rd period - Shot Misses the Net.
6:36 of 3rd period - Snap shot by Chris Terry.
6:36 of 3rd period - Goal by Chris Terry - Saguenéens : 5 - Rafales : 2.
6:37 of 3rd period - Juraj Mikus wins face-off versus Kevin Veilleux in neutral zone.
7:11 of 3rd period - Mark Stone is hit by Chris Terry and loses puck.
7:26 of 3rd period - Connor Murphy is hit by Patrick Sieloff and loses puck.
7:33 of 3rd period - Snap shot by Teemu Pulkkinen.
7:33 of 3rd period - Deflect By Henrik Samuelsson.
7:33 of 3rd period - Stopped by Jake Allen with a rebound.
7:35 of 3rd period - Wrist shot by Nikita Scherbak.
7:35 of 3rd period - Stopped by Jake Allen with a rebound.
8:15 of 3rd period - Snap shot by Carl Klingberg.
8:15 of 3rd period - Stopped by Tyler Beskorowany with a rebound.
8:17 of 3rd period - Snap shot by Julian Melchiori.
8:17 of 3rd period - Shot Misses the Net.
8:27 of 3rd period - Jake McCabe is hit by Julian Melchiori.
8:41 of 3rd period - Icing by Slater Koekkoek.
8:42 of 3rd period - Aleksander Barkov wins face-off versus Jayson Megna in Rafales zone.
8:43 of 3rd period - Backhand shot by Mark Stone.
8:43 of 3rd period - Shot Misses the Net.
10:27 of 3rd period - Wrist shot by Tim Crowder.
10:27 of 3rd period - Shot Misses the Net.
10:29 of 3rd period - Slapshot by Slater Koekkoek.
10:29 of 3rd period - Stopped by Tyler Beskorowany with a rebound.
10:31 of 3rd period - Snap shot by Tim Crowder.
10:31 of 3rd period - Shot Misses the Net.
10:33 of 3rd period - Slapshot by Slater Koekkoek.
10:33 of 3rd period - Shot Blocked by Duncan Siemens.
10:35 of 3rd period - Wrist shot by Tim Crowder.
10:35 of 3rd period - Shot Misses the Net.
10:37 of 3rd period - Snap shot by Joe Labate.
10:37 of 3rd period - Shot Misses the Net.
10:39 of 3rd period - Wrist shot by Joe Labate.
10:39 of 3rd period - Shot Blocked by Henrik Samuelsson.
10:41 of 3rd period - Slapshot by Slater Koekkoek.
10:41 of 3rd period - Stopped by Tyler Beskorowany with a rebound.
10:45 of 3rd period - Wrist shot by Tim Crowder.
10:45 of 3rd period - Shot Misses the Net.
11:05 of 3rd period - Wrist shot by Joe Labate.
11:05 of 3rd period - Deflect By James Marcou.
11:05 of 3rd period - Shot Blocked by Duncan Siemens.
11:05 of 3rd period - Puck is out of play.
11:06 of 3rd period - Mason Raymond wins face-off versus Kevin Veilleux in Saguenéens zone.
11:21 of 3rd period - Mason Raymond is hit by Carl Klingberg and loses puck.
11:32 of 3rd period - Wrist shot by Ben Thomson.
11:32 of 3rd period - Stopped by Tyler Beskorowany with a rebound.
11:34 of 3rd period - Slapshot by Julian Melchiori.
11:34 of 3rd period - Deflect By Ryan Bourque.
11:34 of 3rd period - Stopped by Tyler Beskorowany with a rebound.
11:36 of 3rd period - Snap shot by Borna Rendulic.
11:36 of 3rd period - Stopped by Tyler Beskorowany with a rebound.
11:38 of 3rd period - Slapshot by Julian Melchiori.
11:38 of 3rd period - Stopped by Tyler Beskorowany without a rebound.
11:39 of 3rd period - Borna Rendulic wins face-off versus Juraj Mikus in Saguenéens zone.
11:40 of 3rd period - Slapshot by Ben Thomson.
11:40 of 3rd period - Shot Misses the Net.
11:42 of 3rd period - Slapshot by Borna Rendulic.
11:42 of 3rd period - Stopped by Tyler Beskorowany with a rebound.
11:44 of 3rd period - Slapshot by Dylan McIlrath.
11:44 of 3rd period - Shot Blocked by Nick Mattson.
11:50 of 3rd period - Slapshot by Borna Rendulic.
11:50 of 3rd period - Goal by Borna Rendulic - Saguenéens : 5 - Rafales : 3.
11:51 of 3rd period - Kevin Veilleux wins face-off versus Aleksander Barkov in neutral zone.
11:58 of 3rd period - Wrist shot by Carl Klingberg.
11:58 of 3rd period - Shot Blocked by Mark Stone.
12:00 of 3rd period - Snap shot by Bruno Gervais.
12:00 of 3rd period - Deflect By Mason Raymond.
12:00 of 3rd period - Stopped by Tyler Beskorowany without a rebound.
12:01 of 3rd period - Aleksander Barkov wins face-off versus Kevin Veilleux in Saguenéens zone.
12:03 of 3rd period - Minor Penalty to Mason Raymond for Holding Stick.
12:04 of 3rd period - Mikhail Grigorenko wins face-off versus Kevin Veilleux in Saguenéens zone.
12:16 of 3rd period - Slapshot by Carl Klingberg.
12:16 of 3rd period - Stopped by Tyler Beskorowany with a rebound.
12:20 of 3rd period - Snap shot by Carl Klingberg.
12:20 of 3rd period - Shot Misses the Net.
14:03 of 3rd period - Penalty to Mason Raymond is over, Mason Raymond is back on ice.
15:22 of 3rd period - Juraj Mikus is hit by Jayson Megna and loses puck.
15:57 of 3rd period - Off-side.
15:58 of 3rd period - Ryan Bourque wins face-off versus Aleksander Barkov in neutral zone.
16:37 of 3rd period - Carl Klingberg is hit by Adam Erne.
16:50 of 3rd period - Wrist shot by Carl Hagelin.
16:50 of 3rd period - Shot Misses the Net.
16:52 of 3rd period - Slapshot by Julius Honka.
16:52 of 3rd period - Shot Misses the Net.
16:56 of 3rd period - Wrist shot by Carl Hagelin.
16:56 of 3rd period - Shot Hit the Post.
16:58 of 3rd period - Slapshot by Duncan Siemens.
16:58 of 3rd period - Stopped by Jake Allen without a rebound.
16:59 of 3rd period - Jayson Megna wins face-off versus Aleksander Barkov in Rafales zone.
17:12 of 3rd period - Snap shot by Brian Ferlin.
17:12 of 3rd period - Shot Blocked by Patrick Sieloff.
17:14 of 3rd period - Wrist shot by Chris Terry.
17:14 of 3rd period - Stopped by Tyler Beskorowany without a rebound.
17:15 of 3rd period - Adam Erne wins face-off versus Kevin Veilleux in Saguenéens zone.
17:22 of 3rd period - Wrist shot by Tanner Richard.
17:22 of 3rd period - Goal by Tanner Richard - Saguenéens : 6 - Rafales : 3.
17:23 of 3rd period - Aleksander Barkov wins face-off versus Kevin Veilleux in neutral zone.
17:26 of 3rd period - Bruno Gervais is hit by Aleksander Barkov and loses puck.
17:55 of 3rd period - Snap shot by Juraj Mikus.
17:55 of 3rd period - Stopped by Jake Allen without a rebound.
17:56 of 3rd period - Jayson Megna wins face-off versus Juraj Mikus in Rafales zone.
17:56 of 3rd period - Jayson Megna is hit by Juraj Mikus.
18:06 of 3rd period - Snap shot by Brian Ferlin.
18:06 of 3rd period - Stopped by Tyler Beskorowany without a rebound.
18:07 of 3rd period - Aleksander Barkov wins face-off versus Kevin Veilleux in Saguenéens zone.
18:17 of 3rd period - Icing by Andrew Shaw.
18:18 of 3rd period - Mark Stone wins face-off versus Kevin Veilleux in Rafales zone.
19:03 of 3rd period - Seth Helgeson is hit by Dylan McIlrath and loses puck.
Goals for this period are 1 for Saguenéens vs 2 for Rafales.
Shots for this period are 10 for Saguenéens vs 15 for Rafales.
Back to the Top